Kradschützen Motorcycle Team
Construct Light Support Kompanie
Selects Armored Support Battlegroup
Selects Superior Fire Drills
Construct Mechanized Kompanie
Construct Mechanized Kompanie
Selects Flammpanzer III Medium Tank Sd.Kfz. 141
Flammpanzer III Medium Tank
Selects Command Panzer IV F Medium Tank
Command Panzer IV F Medium Tank
Command Panzer IV F Medium Tank
Selects Stuka Anti-tank Loiter
Construct Panzerarmee Kommand
Construct Panzerarmee Kommand